Map: Incorporeal LE

Players

jeannysu - Winner!

  • Race: Zerg Zerg
  • Spawn Location: 11:00

VOD

Have the link to the VOD?

Description

Time

  • Played on: Aug. 31, 2025, 9:59 a.m.
  • Length: 20:56
Show
View Real Time Build Order
Export as new Build Order

jeannysu Zerg - Winner!

Build Orders:  

Get SALT Encoding   

  12  0:01  Drone  
  13  0:17  Overlord  
  13  0:23  Drone  
  14  0:42  Drone x2  
  16  1:03  Drone  
  17  1:11  Hatchery  
  17  1:16  Drone  
  17  1:21  Drone  
  17  1:26  Extractor  
  17  1:45  Spawning Pool  
  17  1:47  Drone  
  17  1:52  Drone  
  18  2:03  Drone  
  19  2:19  Drone  
  20  2:52  Zergling x4  
  20  2:53  Queen x2  
  20  2:55  Drone  
  27  3:03  Overlord  
  27  3:27  Drone  
  28  3:32  Drone  
  28  3:33  Drone x2  
  28  3:39  Drone  
  32  3:58  Drone  
  33  4:00  Drone, Hatchery  
  33  4:03  Overlord  
  33  4:10  Metabolic Boost  
  33  4:13  Queen  
  35  4:28  Drone  
  36  4:32  Drone x5  
  41  4:57  Queen  
  41  4:59  Overlord x2  
  43  5:18  Zergling x2  
  44  5:24  Zergling x2, Queen  
  44  5:26  Zergling x4  
  44  5:27  Zergling x6  
  52  5:34  Drone x2  
  52  5:35  Drone  
  55  5:40  Extractor  
  55  5:43  Overlord  
  55  5:47  Drone  
  55  6:04  Drone, Queen  
  55  6:07  Overlord  
  55  6:09  Drone x3  
  38  6:10  Drone  
  61  6:14  Queen  
  61  6:15  Drone  
  65  6:40  Overlord  
  65  6:41  Drone x2  
  65  6:45  Drone x2  
  65  6:46  Drone  
  70  6:57  Drone, Lair  
  70  6:58  Baneling Nest, Zergling x2  
  70  6:59  Zergling x8  
  75  7:12  Queen  
  75  7:14  Drone  
  78  7:26  Zergling x4  
  78  7:27  Zergling x4  
  78  7:28  Zergling x6  
  85  7:43  Drone, Extractor  
  85  7:44  Drone  
  85  7:46  Zergling x2  
  85  7:47  Zergling x2  
  85  7:48  Overlord x3  
  88  7:58  Drone x2  
  90  8:00  Overlord x2  
  90  8:11  Centrifugal Hooks  
  90  8:19  Zergling x8  
  94  8:31  Hydralisk Den  
  94  8:32  Evolution Chamber  
  94  8:35  Hatchery  
  94  8:37  Evolution Chamber  
  90  8:40  Drone, Evolution Chamber  
  90  8:45  Drone x5, Extractor  
  90  8:47  Zergling x2, Overlord x3  
  95  8:58  Baneling x2  
  95  8:59  Baneling x4  
  95  9:00  Zergling x2  
  95  9:01  Zergling x2  
  95  9:03  Queen  
  95  9:07  Overseer, Queen  
  101  9:11  Drone, Extractor  
  101  9:12  Extractor  
  100  9:44  Hydralisk x2  
  100  9:45  Hydralisk x2  
  100  9:46  Hydralisk, Zergling x2  
  100  9:47  Zergling x10  
  116  9:50  Baneling x2  
  116  9:51  Baneling  
  116  9:59  Zerg Melee Weapons Level 1, Zerg Missile Weapons Level 1  
  116  10:25  Queen  
  116  10:26  Drone  
  116  10:27  Drone  
  116  10:28  Drone x10  
  130  10:42  Baneling x6  
  130  10:43  Baneling x3  
  130  11:02  Baneling x5  
  130  11:09  Drone x3  
  133  11:14  Extractor  
  133  11:15  Queen  
  133  11:17  Unknown, Extractor  
  133  11:36  Drone x2  
  133  11:37  Drone  
  136  11:58  Zergling x2  
  136  11:59  Zergling x32  
  153  12:01  Overlord x3  
  153  12:03  Hydralisk x3  
  153  12:05  Pneumatized Carapace  
  153  12:08  Baneling x4  
  153  12:09  Baneling x2  
  118  12:44  Zergling x2  
  118  12:45  Zergling x28  
  131  12:51  Unknown  
  131  12:52  Hydralisk x2  
  131  12:56  Overseer x2  
  135  13:09  Drone  
  80  13:10  Drone x3  
  136  13:19  Zergling x2  
  140  13:20  Zergling x4  
  140  13:22  Zerg Ground Armor Level 1  
  140  13:24  Zerg Melee Weapons Level 2, Zerg Missile Weapons Level 2  
  142  13:30  Infestation Pit  
  142  13:37  Drone x2  
  142  13:38  Drone x3  
  146  14:01  Zergling x12  
  146  14:02  Zergling x10  
  157  14:12  Baneling x5  
  157  14:13  Baneling x7  
  157  14:14  Baneling  
  157  14:15  Baneling x6  
  157  14:16  Baneling  
  157  14:44  Hydralisk x5  
  157  14:45  Zergling x2, Hatchery  
  157  14:46  Zergling x4, Overlord x2  
  157  14:47  Zergling x2, Overlord x2  
  157  14:48  Zergling x8  
  174  15:02  Hive  
  174  15:11  Lurker Den  
  174  15:17  Zergling x2  
  174  15:18  Zergling x2, Hydralisk x2  
  174  15:19  Hydralisk x3  
  185  15:20  Baneling  
  185  15:21  Baneling x10  
  185  15:25  Hydralisk x3  
  185  15:26  Hydralisk x4  
  199  16:02  Drone  
  199  16:07  Baneling  
  199  16:08  Baneling x8  
  166  16:44  Zergling x2  
  166  16:45  Zergling x16  
  166  16:46  Zergling x42  
  188  16:58  Zergling x2  
  188  16:59  Zergling x8  
  189  17:17  Zerg Ground Armor Level 2  
  189  17:19  Zergling x2  
  185  17:20  Zergling x24  
  193  17:32  Zergling x2  
  193  17:35  Zergling x2  
  193  17:36  Zergling x6  
  172  18:08  Zergling x2  
  172  18:09  Zergling x26  
  182  18:10  Zergling x2  
  181  18:20  Overseer x2  
  181  18:21  Zergling x2  
  181  18:22  Zergling x20  
  181  18:23  Zergling x2  
  187  18:44  Adrenal Overload  
  187  18:46  Zergling x2  
  187  18:47  Zergling x16  
  196  18:50  Unknown  
  196  18:58  Unknown  
  191  19:20  Zergling x2  
  191  19:21  Zergling x16  
  196  19:32  Lurker  
  195  19:50  Zergling x2  
  195  19:51  Zergling x6  
  199  20:10  Unknown  
Tags
 
Matchup
Co-op
Replay Pack
새 폴더
Add a new tag
Caveats
  • Supply blocks, unpowered buildings, or Contaminate may cause inaccurate times.
  • Supply counts are checked every 10 seconds.